[Event "Early-Titled-Tuesday-Blitz-September-12-2023"]
[Site "Chess.com"]
[Date "2023.09.12"]
[Round "5"]
[White "karinachess1"]
[Black "JimDiGrease"]
[Result "0-1"]
[WhiteElo "2608"]
[BlackElo "2861"]
[TimeControl "180+1"]
[EndTime "8:55:56 PDT"]
[Termination "JimDiGrease won by resignation"]

1. d4 d5 2. c4 e6 3. Nc3 c6 4. e3 Nf6 5. Nf3 Nbd7 6. Bd3 dxc4 7. Bxc4 b5 8. Be2 Bb7 9. O-O b4 10. Na4 c5 11. dxc5 Bxc5 12. Nxc5 Nxc5 13. Bb5+ Ke7 14. Qe2 Qb6 15. Bd2 a5 16. Nd4 Rhd8 17. Rac1 Rac8 18. f3 e5 19. Nf5+ Kf8 20. Be1 g6 21. Ng3 Ne6 22. Bf2 h5 23. Rfd1 Rxc1 24. Rxc1 Kg7 25. Nf1 e4 26. f4 Bd5 27. Bc4 Bxc4 28. Qxc4 Qd6 29. Qb5 Qd5 30. Qxd5 Rxd5 31. h3 Nc5 32. Bh4 Nfd7 33.
Bd8 Nd3 34. Rc2 Nf8 35. Bb6 Ne6 36. Ng3 f5 37. Rc6 Kf7 38. b3 h4 39. Ne2 Ndc5 40. Nd4 Nxd4 41. Rxc5 Ne2+ 42. Kf2 Rxc5 43. Bxc5 Nc3 44.
Bb6 Nxa2 45. Bxa5 Nc1 46. Bxb4 Nd3+ 47. Ke2 Nxb4 48. Kd2 Nd5 49. Ke2 Ke6 50. Kf2 Kd6 51. g3 hxg3+ 52. Kxg3 Nxe3 53. Kh4 Nd5 54. Kg5 e3 55.
Kxg6 e2 56. h4 e1=Q 57. h5 Nxf4+ 58. Kxf5 0-1

[Event "Early-Titled-Tuesday-Blitz-September-12-2023"]
[Site "Chess.com"]
[Date "2023.09.12"]
[Round "5"]
[White "Sjakkerntobi"]
[Black "Hasangatin_Ramil"]
[Result "0-1"]
[WhiteElo "2537"]
[BlackElo "2751"]
[TimeControl "180+1"]
[EndTime "8:55:58 PDT"]
[Termination "Hasangatin_Ramil won by resignation"]

1. e4 d5 2. exd5 Qxd5 3. Nc3 Qd6 4. d4 Nf6 5. Bc4 c6 6. Nge2 Bg4 7. Bf4 Qb4 8. Bb3 e6 9. O-O Nbd7 10. a3 Qb6 11. Qd2 Be7 12. Ng3 Bh5 13. Nxh5 Nxh5 14. Be3 Qc7 15.
Rad1 Bd6 16. h3 Nhf6 17. Rfe1 O-O 18. Qe2 Nb6 19. Qf3 Nbd5 20. Ne2 Rfe8 21. c4 Nxe3 22. Qxe3 Rad8 23. c5 Bf8 24. Qc3 Nd5 25. Bxd5 Rxd5 26.
b4 g6 27. Qe3 Red8 28. Nf4 R5d7 29. Rd3 Bh6 30. g3 Bxf4 31. gxf4 Rd5 32. Red1 Rf5 33. Qg3 Qxf4 34. Qxf4 Rxf4 35. Kg2 g5 36. Kg3 Kg7 37. a4 Rd5 38. b5 h6 39. a5 a6 40.
bxa6 bxa6 41. Rb3 Rfxd4 42. Rxd4 Rxd4 43. Rb6 Rd3+ 44. Kg2 Ra3 45. Rxa6 Kf6 46. Ra8 Rc3 47. a6 Rxc5 48. a7 Ra5 49. Kf3 Ra4 50. Ke3 c5 51. Kd3 h5 52. Kc3 c4 53. Kd4 Kg7 54. Kc3 h4 55. f3 Kf6 56. Kd4 Kf5 57. Kc5 Kf4 58. Kb5 Ra1 59. Kxc4 Kxf3 60. Kb5 f5 61. Kb6 g4 62. hxg4 fxg4 63. Rf8+ Kg2 64. Rc8 h3 65.
Rc2+ Kg3 66. Rc3+ Kh4 67. Rc2 e5 68. Rd2 e4 69. Rc2 e3 70. Re2 g3 71. Rc2 h2 72.
Rc4+ Kh3 73. Rc8 h1=Q 74. Rh8+ Kg2 75. Rxh1 Kxh1 0-1

[Event "Early-Titled-Tuesday-Blitz-September-12-2023"]
[Site "Chess.com"]
[Date "2023.09.12"]
[Round "5"]
[White "tteshan"]
[Black "AsselLesbekova"]
[Result "1-0"]
[WhiteElo "2563"]
[BlackElo "2333"]
[TimeControl "180+1"]
[EndTime "8:55:59 PDT"]
[Termination "tteshan won on time"]

1. e4 e5 2. Nf3 Nf6 3. Nxe5 Nxe4 4. Qe2 Qe7 5. Nf3 d5 6. d3 Nf6 7. Nc3 c6 8. Bg5 Qxe2+ 9. Bxe2 Be7 10. O-O-O h6 11. Bh4 g5 12. Bg3 Bg4 13. h3 Bh5 14. Rde1 O-O 15. Nxg5 Bxe2 16. Rxe2 hxg5 17. Rxe7 Nbd7 18.
Rhe1 Rfe8 19. Rxe8+ Rxe8 20. Rxe8+ Nxe8 21. Kd2 Kg7 22. f4 f6 23. fxg5 fxg5 24. Ne2 Nef6 25.
Ke3 Nh5 26. Bd6 Kf6 27. g4 Ng7 28. Ng3 Ke6 29. Bb4 c5 30. Bd2 Kf6 31. c4 d4+ 32. Ke4 Ke6 33. Bxg5 b5 34. b3 bxc4 35. bxc4 Ne5 36.
Nf5 Ne8 37. Be7 Nd7 38. h4 Ne5 39. Bxc5 Nxg4 40. Nxd4+ Kd7 41. Nf5 Ngf6+ 42. Kd4 Ke6 43. Ne3 a6 44. a4 Ng7 45. Ba3 Nfh5 46. c5 Ne8 47. c6 Nc7 48. Kc5 Ke7 49. Nd5+ Nxd5 50.
Kxd5+ Kd8 51. Kd6 Nf4 52. d4 Kc8 53. d5 Ng6 54. Kc5 Nxh4 55. d6 Nf5 56. Kb6 a5 57. d7+ Kd8 58. Kb7 1-0

[Event "Early-Titled-Tuesday-Blitz-September-12-2023"]
[Site "Chess.com"]
[Date "2023.09.12"]
[Round "5"]
[White "Iunusovnuriddin"]
[Black "Sadykov_Ramil"]
[Result "1-0"]
[WhiteElo "2342"]
[BlackElo "2549"]
[TimeControl "180+1"]
[EndTime "8:55:59 PDT"]
[Termination "Iunusovnuriddin won on time"]

1. e4 c6 2. Nc3 d5 3. Nf3 dxe4 4. Nxe4 Bg4 5. Bc4 e6 6. h3 Bxf3 7. Qxf3 Nd7 8. d4 Ngf6 9. c3 Nxe4 10. Qxe4 Nf6 11.
Qc2 Be7 12. O-O O-O 13. Bd3 g6 14. a3 Nd5 15. c4 Nb6 16. Be3 Bf6 17. Rad1 Qe7 18.
Rfe1 Rfd8 19. Bf1 Qf8 20. g4 Rd7 21. Rd3 Rad8 22. Red1 Qg7 23. d5 exd5 24. Bxb6 axb6 25. cxd5 cxd5 26. Qb3 Bxb2 27. Bg2 Be5 28. Bxd5 Rd6 29. g5 h6 30. h4 hxg5 31. hxg5 Bf4 32. Rf3 Qe5 33. Bxf7+ Kg7 34. Rxd6 Rxd6 35. Bc4 Qxg5+ 36. Kf1 Qe5 37. Be2 g5 38. Qc4 Re6 39. Qd3 Kf6 40. Rh3 Qe4 41. Qc3+ Be5 42. Rh6+ Ke7 43. Rxe6+ Kxe6 44. Qb3+ Kf5 45. Bd3 Kf4 46. Bxe4 Kxe4 47. Qxb6 Bf4 48.
Qxb7+ Ke5 49. Kg2 Kf5 50. f3 g4 51. Qc8+ Ke5 52. Qxg4 1-0

[Event "Early-Titled-Tuesday-Blitz-September-12-2023"]
[Site "Chess.com"]
[Date "2023.09.12"]
[Round "5"]
[White "MarijaKuznecova"]
[Black "AradNazari"]
[Result "0-1"]
[WhiteElo "2410"]
[BlackElo "2738"]
[TimeControl "180+1"]
[EndTime "8:56:00 PDT"]
[Termination "AradNazari won on time"]

1. e4 e6 2. d4 d5 3. Nc3 Nf6 4. e5 Nfd7 5. f4 c5 6. Nf3 Nc6 7.
Be3 Be7 8. Qd2 O-O 9. dxc5 Qa5 10. a3 Bxc5 11. Bxc5 Nxc5 12. Rd1 Nd7 13. Bd3 Nc5 14.
Be2 Qb6 15. Nd4 Bd7 16. b4 Ne4 17. Nxe4 dxe4 18. c4 Rad8 19. c5 Qc7 20. Nb5 Qb8 21. Nd6 b6 22. O-O bxc5 23. bxc5 Ne7 24. Rb1 Qc7 25. Nxe4 Bb5 26. Qe1 Bxe2 27. Qxe2 Nf5 28. Rfd1 Qc6 29. g4 Nd4 30. Qe3 Nc2 31. Qe2 Nxa3 32.
Ra1 Rxd1+ 33. Rxd1 h6 34. Qd3 Rb8 35. f5 Nb5 36. f6 g5 37. h4 gxh4 38. Qe3 Kh7 39. Qd3 Kg8 40. Qe3 Kh7 41. Nf2 Rg8 42. Qd3+ Rg6 43.
Qd7 Qxd7 44. Rxd7 Kg8 45. Rb7 Nd4 46. Rxa7 h5 47. Rd7 Nf3+ 48. Kg2 Nxe5 49. Rd8+ Kh7 50. g5 Rxg5+ 51. Kh3 Rf5 52. Ne4 Rf3+ 53. Kxh4 Rf4+ 54. Kxh5 Rxe4 55. Rf8 Rc4 56. c6 Rc5 57. Kh4 Ng6+ 58. Kg4 Nxf8 0-1

[Event "Early-Titled-Tuesday-Blitz-September-12-2023"]
[Site "Chess.com"]
[Date "2023.09.12"]
[Round "5"]
[White "TregubovP"]
[Black "Smiechu"]
[Result "0-1"]
[WhiteElo "2643"]
[BlackElo "2470"]
[TimeControl "180+1"]
[EndTime "8:56:00 PDT"]
[Termination "Smiechu won by resignation"]

1. e4 c5 2. Nf3 g6 3. c3 Bg7 4. d4 cxd4 5. cxd4 d5 6. e5 Nh6 7. Bb5+ Bd7 8. Bxd7+ Qxd7 9. O-O O-O 10. Nc3 e6 11.
Bf4 Nc6 12. h3 Nf5 13. g4 Nfe7 14. Re1 f6 15. exf6 Bxf6 16. Bh6 Bg7 17. Bxg7 Kxg7 18.
Qe2 Rxf3 19. Qxf3 Nxd4 20. Qd3 Nec6 21. Ne2 Nxe2+ 22. Qxe2 e5 23. b4 Re8 24. Qb5 Qf7 25. Rad1 Rf8 26. Rd2 Nd4 27. Qd3 Nf3+ 28. Kf1 Nxd2+ 29.
Qxd2 e4 30. Qd4+ Kg8 31. Rd1 Rd8 32. Qe3 Qf6 33. Kg2 Qe5 34. Qd4 Qf4 35. Qe3 Qe5 36. Qd4 Qxd4 37. Rxd4 Kf7 38. f3 exf3+ 39. Kxf3 Ke6 40.
Kf4 Rf8+ 41. Ke3 Ke5 42. Rd1 Rc8 43. Rf1 Rc3+ 44. Kd2 Rc4 45. Rf7 Rxb4 46. Rxh7 Kd4 47. h4 Rb2+ 48. Kc1 Rxa2 49. Rxb7 a5 50. h5 gxh5 51.
gxh5 Rh2 52. Ra7 Kc3 53. Rc7+ Kb4 54. Rb7+ Ka4 55. Rd7 Rxh5 56. Kb2 Kb4 57. Rb7+ Kc4 58. Rc7+ Kd3 59. Ra7 d4 60. Ra8 Rc5 61. Kb3 Rb5+ 62. Ka2 Kd2 0-1

[Event "Early-Titled-Tuesday-Blitz-September-12-2023"]
[Site "Chess.com"]
[Date "2023.09.12"]
[Round "5"]
[White "arminmusovic"]
[Black "stollenmonster"]
[Result "1-0"]
[WhiteElo "2572"]
[BlackElo "2817"]
[TimeControl "180+1"]
[EndTime "8:56:02 PDT"]
[Termination "arminmusovic won by resignation"]

1. a3 e5 2. d4 exd4 3. Qxd4 Nc6 4. Qa4 Nf6 5. Nc3 d5 6. Bg5 Be7 7. O-O-O Be6 8. Nf3 O-O 9. e4 d4 10. Nxd4 Nxd4 11.
Rxd4 Nd7 12. Bxe7 Qxe7 13. f4 Nb6 14. Qb5 Rfd8 15. Rxd8+ Rxd8 16. Bd3 a6 17. Qh5 Qd6 18. e5 Qd4 19. Qxh7+ Kf8 20. Qh8+ Ke7 21. Qh4+ Kd7 22. Rd1 Kc8 23. Qg3 Qc5 24. Re1 g6 25. Qe3 Qa5 26. h3 Kb8 27. g4 Bc4 28. Be4 Be6 29. Rd1 Rh8 30. Bg2 Nc4 31. Qd4 c5 32. Qe4 Qb6 33.
Na4 Qb5 34. b3 Na5 35. Bf1 c4 36. Nc3 Qb6 37. b4 Nc6 38. Bg2 Qf2 39. Qf3 Qb6 40.
Rd6 Bc8 41. Na4 Qg1+ 42. Rd1 Qh2 43. Nc5 g5 44. Nxa6+ Ka7 45. b5 Qxf4+ 46. Qxf4 gxf4 47. bxc6 Kxa6 48. cxb7 Bxb7 49. Bxb7+ Kxb7 50. Rd7+ Kc6 51. Rxf7 Rxh3 52. Rxf4 Kd5 53. Kb2 Re3 54. a4 Re1 55.
Kc3 Ra1 56. Rxc4 Ra3+ 57. Kb2 Re3 58. Rb4 Kc5 59. Rb5+ Kc4 60. Rb3 Rxe5 61. Rg3 Rg5 62. Ka3 Kd4 63. Kb4 Ke4 64. a5 Kf4 65. Rg1 Rg8 66.
c4 Rb8+ 67. Kc3 Ke4 68. g5 1-0

[Event "Early-Titled-Tuesday-Blitz-September-12-2023"]
[Site "Chess.com"]
[Date "2023.09.12"]
[Round "5"]
[White "FabianoCaruana"]
[Black "FGHSMN"]
[Result "1/2-1/2"]
[WhiteElo "3066"]
[BlackElo "2907"]
[TimeControl "180+1"]
[EndTime "8:56:04 PDT"]
[Termination "Game drawn - insufficient material"]

1. c4 c6 2. d4 d5 3. Nf3 Nf6 4.
e3 Bf5 5. Nc3 e6 6. Nh4 Be4 7.
f3 Bg6 8. Bd2 Be7 9. Nxg6 hxg6 10. Qc2 dxc4 11. Bxc4 b5 12. Bd3 a6 13. a4 Nbd7 14. Ne4 Rc8 15. Nxf6+ Nxf6 16. axb5 axb5 17. O-O Bd6 18. f4 g5 19. Ra6 gxf4 20. exf4 O-O 21. Rxc6 Bc5 22. dxc5 Rxc6 23. b4 Qd4+ 24. Kh1 Nd5 25.
Bxb5 Rcc8 26. Bc4 Rfd8 27. h3 Nf6 28. Ba6 Rc6 29. Bc3 Qe4 30. Qxe4 Nxe4 31. Bb7 Ng3+ 32. Kg1 Rc7 33. Bf3 Nxf1 34. Kxf1 Rd3 35. Be5 Rc8 36. Bb7 Rf8 37. c6 f6 38. Bc7 Rf7 39. Bb6 Rd6 40.
Bc5 Rd1+ 41. Kf2 Rc1 42. Bd6 Rb1 43. Ke3 e5 44. Ke4 exf4 45. Bxf4 Rxb4+ 46. Kf5 Rbxb7 47. cxb7 Rxb7 48. g4 Kf7 49. Ke4 Rb5 50. h4 Ke6 51. h5 Rb4+ 52. Kf3 Rb3+ 53. Kg2 Kd5 54. h6 Rb2+ 55.
Kh3 gxh6 56. Bxh6 Ke4 57. Bg7 Rf2 58. Kg3 Rf3+ 59. Kh4 Rf4 60. Kh5 Ke5 61. g5 Rf5 62. Bxf6+ Rxf6 63. gxf6 Kxf6 1/2-1/2

[Event "Early-Titled-Tuesday-Blitz-September-12-2023"]
[Site "Chess.com"]
[Date "2023.09.12"]
[Round "5"]
[White "DefiantChair"]
[Black "vi_pranav"]
[Result "0-1"]
[WhiteElo "2683"]
[BlackElo "2979"]
[TimeControl "180+1"]
[EndTime "8:56:04 PDT"]
[Termination "vi_pranav won by resignation"]

1. e4 e5 2. Nf3 Nc6 3. Bb5 a6 4. Ba4 Nf6 5. O-O Be7 6. Re1 b5 7. Bb3 O-O 8. c3 d6 9. h3 Nb8 10. d4 Nbd7 11. Nbd2 Bb7 12. Bc2 Re8 13. Nf1 Bf8 14. Ng3 g6 15. Bg5 c5 16. d5 c4 17. Qd2 Rc8 18. h4 h5 19. Nf1 Be7 20. Ne3 Nh7 21. Bxe7 Qxe7 22. g3 Nc5 23. Ng2 Rc7 24. Ng5 Bc8 25. Kh2 Nd7 26. f4 Ndf6 27. Kg1 Ng4 28. Nxh7 Kxh7 29. f5 gxf5 30. exf5 f6 31. Be4 Rg8 32. Ne3 Qg7 33. Qg2 Qh6 34. Nf1 Qf8 35. Rad1 Rcg7 36. Rd2 Qf7 37. a4 bxa4 38.
Kh1 Qa7 39. Ra1 Bd7 40. Qe2 Kh8 41. Kg2 Bb5 42. Bf3 Qf7 43. Bxg4 Rxg4 44. Kf2 Qh7 45. Qf3 e4 46. Qe3 Qxf5+ 47. Kg2 Qf4 48. Qxf4 Rxf4 49.
Re2 f5 50. Re3 Rxh4 51. Nd2 f4 52. Rxe4 Rxg3+ 53. Kf2 Rh2+ 54. Ke1 Rg1+ 55. Nf1 Rxf1+ 56. Kxf1 Rh1+ 0-1

[Event "Early-Titled-Tuesday-Blitz-September-12-2023"]
[Site "Chess.com"]
[Date "2023.09.12"]
[Round "5"]
[White "vedantgoswami"]
[Black "themind1hunter"]
[Result "0-1"]
[WhiteElo "2331"]
[BlackElo "2558"]
[TimeControl "180+1"]
[EndTime "8:56:09 PDT"]
[Termination "themind1hunter won on time"]

1. d4 d5 2. Nf3 Nf6 3. Bf4 c5 4. e3 Nc6 5. Be2 Bg4 6. Nbd2 e6 7. h3 Bh5 8. c3 Bd6 9. dxc5 Bxc5 10. Nd4 Bxe2 11.
Qxe2 O-O 12. O-O Re8 13. Nxc6 bxc6 14. e4 e5 15. Bg5 h6 16. Bh4 g5 17. Bg3 Nxe4 18.
Nxe4 dxe4 19. Qxe4 Qd5 20. Rfe1 Qxe4 21. Rxe4 f6 22. Rc4 Bb6 23. Rxc6 Kf7 24. a4 Rec8 25. Rxc8 Rxc8 26. Rd1 Ke6 27. Kf1 Rc4 28. Ra1 e4 29. a5 Bd8 30. Bb8 a6 31. Ba7 Rc6 32. g4 h5 33. Ke2 f5 34. gxf5+ Kxf5 35. Bd4 g4 36. hxg4+ Kxg4 37. Rg1+ Kf5 38. f3 h4 39. b4 h3 40. Rh1 Rh6 41. c4 Rh4 42. Bf2 exf3+ 43. Kxf3 Rxc4 44. Rxh3 Rxb4 45. Rh6 Bf6 46. Bb6 Rb3+ 47.
Ke2 Ra3 48. Rh5+ Ke4 49. Rh6 Bc3 50. Kd1 Kd3 51. Rh3+ Kc4 52. Rh4+ Kb3 53. Rh3 Ra1+ 54. Ke2 Kc4 55. Rh4+ Kb5 56. Rh5+ Kc6 57. Rh6+ Kd5 58. Rh5+ Ke4 59. Rh3 Bxa5 60. Bxa5 Rxa5 61. Kd2 Rc5 62. Ra3 a5 0-1

[Event "Early-Titled-Tuesday-Blitz-September-12-2023"]
[Site "Chess.com"]
[Date "2023.09.12"]
[Round "5"]
[White "lluiss"]
[Black "Der_Balak_3Halak"]
[Result "1-0"]
[WhiteElo "2186"]
[BlackElo "2403"]
[TimeControl "180+1"]
[EndTime "8:56:09 PDT"]
[Termination "lluiss won by checkmate"]

1. Nf3 Nf6 2. d4 g6 3. g3 Bg7 4. Bg2 d5 5. O-O c6 6. c4 O-O 7. cxd5 cxd5 8. Nc3 Nc6 9. Ne5 e6 10. Nxc6 bxc6 11. Na4 Nd7 12. Be3 e5 13. dxe5 Nxe5 14. b3 Bf5 15. Rc1 Qf6 16. Qd2 Nd7 17. Rfd1 Rfc8 18. Bd4 Qxd4 19. Qxd4 Bxd4 20. Rxd4 Kf8 21. e4 dxe4 22. Bxe4 c5 23. Bxa8 Rxa8 24. Nxc5 Ne5 25. Rd5 Nf3+ 26. Kg2 Ng5 27. f3 Kg7 28.
Rcd1 Rc8 29. h4 Ne6 30. Nxe6+ Bxe6 31. Ra5 Rc2+ 32. Kg1 Bh3 33. Rxa7 Rg2+ 34. Kf1 Rxg3+ 35. Kf2 Rg2+ 36. Ke3 Bf5 37. Rd2 Rg1 38. Rb2 Re1+ 39. Kf2 Rh1 40. Kg2 Rxh4 41. b4 Bh3+ 42. Kg3 g5 43. b5 Be6 44. b6 Rh3+ 45. Kg2 g4 46. fxg4 Rd3 47. b7 Bd5+ 48. Kf2 Rf3+ 49. Ke2 Bxb7 50.
Rbxb7 Rf4 51. Rxf7+ Rxf7 52. Rxf7+ Kxf7 53. Kf3 Ke6 54. Kf4 Kf6 55. a4 Ke6 56. a5 Kd5 57.
Kg5 Kc5 58. Kh6 Kb5 59. Kxh7 Kxa5 60. g5 Kb5 61. g6 Kc5 62. g7 Kd5 63. g8=Q+ Ke5 64.
Qg7+ Kf5 65. Qg6+ Kf4 66. Kh6 Ke5 67. Qf7 Ke4 68. Qf6 Kd5 69. Qe7 Kc4 70. Qd6 Kb5 71.
Qc7 Ka6 72. Qb8 Ka5 73. Kg5 Ka4 74. Kf4 Ka3 75. Ke3 Ka4 76. Kd2 Ka5 77. Kc3 Ka6 78.
Kc4 Ka5 79. Qb5# 1-0

[Event "Early-Titled-Tuesday-Blitz-September-12-2023"]
[Site "Chess.com"]
[Date "2023.09.12"]
[Round "5"]
[White "ChainedDowntohell"]
[Black "KatakuriDono"]
[Result "0-1"]
[WhiteElo "2493"]
[BlackElo "2333"]
[TimeControl "180+1"]
[EndTime "8:56:12 PDT"]
[Termination "KatakuriDono won by checkmate"]

1. a3 e5 2. c4 Nf6 3. d3 d5 4. cxd5 Nxd5 5. Nf3 Nc6 6. e4 Nf6 7. Be2 Be7 8. Be3 O-O 9. h3 h6 10. Nbd2 Be6 11. Qc2 Qd7 12. O-O Rad8 13. b4 a6 14. Rfc1 Bd6 15. Nb3 Qe7 16. Nc5 Bc8 17. Rab1 Rfe8 18.
Nxa6 Nd4 19. Bxd4 bxa6 20. Be3 a5 21. bxa5 Bxa3 22. Rd1 Ba6 23. Nd2 Bb4 24. Nc4 Bxc4 25. Qxc4 Bxa5 26. Rb7 Qd6 27. Rdb1 Ra8 28. R1b5 Nd7 29.
Rd5 Qe7 30. Qb5 Nb6 31. Rc5 Qd7 32. Qxd7 Nxd7 33. Rc1 Reb8 34. Rxb8+ Rxb8 35. Bg4 Nf6 36. Bf5 Bb6 37. Bg4 Bxe3 38. fxe3 Rb7 39. Bf3 g6 40.
Rc3 Nd7 41. Rc6 Nb8 42. Rc5 c6 43. Rxe5 Kg7 44. Ra5 Rc7 45. Kf2 c5 46. Ra4 Nc6 47. Be2 Ne5 48. Kg3 h5 49. Kf2 Nd7 50. Rc4 Ne5 51. Rc3 Rc8 52. d4 Nd7 53. Bb5 Nb6 54. Rxc5 Rb8 55. Bd3 Nd7 56. Rc3 Nf6 57. Kf3 Rb2 58. e5 Nh7 59. Rc7 Ng5+ 60. Kg3 h4+ 61. Kxh4 Rxg2 62. Be4 Nxe4 63. e6 g5+ 64. Kh5 Nf6# 0-1

[Event "Early-Titled-Tuesday-Blitz-September-12-2023"]
[Site "Chess.com"]
[Date "2023.09.12"]
[Round "5"]
[White "Dewarfd"]
[Black "Gauravthegm"]
[Result "0-1"]
[WhiteElo "2145"]
[BlackElo "2416"]
[TimeControl "180+1"]
[EndTime "8:56:12 PDT"]
[Termination "Gauravthegm won by checkmate"]

1. d4 Nf6 2. e3 d5 3. Nf3 c5 4.
dxc5 e6 5. c4 Bxc5 6. cxd5 Qxd5 7. Nbd2 O-O 8. Bc4 Qd8 9. O-O a6 10. a3 b5 11. Be2 Bb7 12. b4 Be7 13. Bb2 Nbd7 14. Rc1 Nb6 15. Bd4 Rc8 16. Rxc8 Nxc8 17. Qa1 Nd6 18. Rc1 Nde4 19. Nxe4 Bxe4 20. Ne5 Qa8 21.
Bf3 Bxf3 22. Nxf3 Qb7 23. h3 h6 24. Be5 Rc8 25. Rc3 Ne4 26. Rxc8+ Qxc8 27. Qb1 Qc4 28. Bd4 Nc3 29. Qe1 Ne2+ 30. Kh1 Nxd4 31. exd4 Bf6 32.
Qe4 Qc1+ 33. Kh2 Qxa3 34. Qa8+ Kh7 35. Qb7 Qxb4 36. Qxf7 Qd6+ 37. Kg1 b4 38. Qb7 a5 39. g3 a4 40. Qe4+ g6 41. h4 h5 42. Qb7+ Qe7 43.
Qb5 a3 44. Qc4 Qa7 45. Qa2 Qa4 46. Qxe6 a2 47. Qf7+ Bg7 48. Ng5+ Kh6 49. Ne6 a1=Q+ 50. Kh2 Qa7 51. Qf4+ Kh7 52. Ng5+ Kg8 53. Qf7+ Qxf7 54. Nxf7 Kxf7 55. g4 Qxd4 56. gxh5 Qxh4+ 57. Kg2 Qxh5 58. Kf1 Qf5 59. f3 Qxf3+ 60. Ke1 Ke6 61. Kd2 Kf5 62. Kc1 b3 63. Kb1 Qf2 64. Kc1 Qc2# 0-1

[Event "Early-Titled-Tuesday-Blitz-September-12-2023"]
[Site "Chess.com"]
[Date "2023.09.12"]
[Round "5"]
[White "NotFischer"]
[Black "Ducke13"]
[Result "0-1"]
[WhiteElo "2278"]
[BlackElo "2471"]
[TimeControl "180+1"]
[EndTime "8:56:14 PDT"]
[Termination "Ducke13 won by resignation"]

1. e4 c5 2. Nf3 d6 3. d4 cxd4 4. Nxd4 Nf6 5. Nc3 a6 6. Bc4 e6 7. Bb3 b5 8. O-O Bb7 9. Re1 Qd7 10. Qf3 Nc6 11. Nxc6 Bxc6 12. Bg5 Be7 13. Rad1 Qb7 14. Nd5 Bxd5 15. exd5 e5 16. c4 h6 17. Be3 Nd7 18.
Qg4 g6 19. f4 h5 20. Qf3 Rc8 21. cxb5 axb5 22. fxe5 Nxe5 23. Qe4 O-O 24. Bd4 Bf6 25. Rf1 Bg7 26. Bxe5 Bxe5 27. Qb4 Qb6+ 28. Kh1 Bxb2 29. a4 Rc5 30. a5 Qa7 31. Rd2 Bc3 32.
Qf4 Bxd2 33. Qxd2 b4 34. Bc2 b3 35. Bb1 Qxa5 36. Qh6 Qb5 37. Re1 Rc2 38. Bxc2 bxc2 39. Rc1 Rc8 40. Qe3 Qb1 41. Qd2 Kg7 42. Kg1 f6 43.
Kf1 Rc5 44. Ke1 Qb3 45. Kf1 Qc4+ 46. Ke1 Qe4+ 47. Kf1 Qf5+ 48. Ke1 Rxd5 49. Qxc2 Re5+ 50. Kd1 Rd5+ 51. Ke1 Re5+ 52. Kd1 Qg4+ 53. Kd2 Re2+ 54. Kd3 Qe4+ 55. Kc3 Rxc2+ 56. Rxc2 d5 57. Rd2 Qe5+ 58. Rd4 f5 59. Kd3 Kf6 60. g3 g5 61. Kc3 f4 62.
gxf4 gxf4 63. Kd3 Kf5 64. Ra4 Qe3+ 65. Kc2 Qc5+ 66. Kb3 Qb5+ 67. Rb4 Qxb4+ 68. Kxb4 f3 69. Kc3 f2 70. Kd4 f1=Q 71. Kxd5 Qf3+ 0-1

[Event "Early-Titled-Tuesday-Blitz-September-12-2023"]
[Site "Chess.com"]
[Date "2023.09.12"]
[Round "5"]
[White "FairChess_on_YouTube"]
[Black "PLAYER_2006_M"]
[Result "1/2-1/2"]
[WhiteElo "3041"]
[BlackElo "2881"]
[TimeControl "180+1"]
[EndTime "8:56:16 PDT"]
[Termination "Game drawn by repetition"]

1. d4 Nf6 2. c4 g6 3. Nc3 d5 4. cxd5 Nxd5 5. e4 Nxc3 6. bxc3 Bg7 7. Nf3 c5 8. Bb5+ Nc6 9. O-O O-O 10. Bxc6 bxc6 11. Qc2 cxd4 12. cxd4 Bg4 13. Ne5 Qxd4 14. Bb2 Qb4 15. Rab1 Bxe5 16. Bxe5 Qa5 17. Bc3 Qc5 18. Qb2 Qd6 19. Be5 Qd3 20. f3 Be6 21. Rfd1 Qb5 22.
Qc3 Qc4 23. Qa3 f6 24. Bg3 Rfe8 25. Rd2 a5 26. h4 h5 27. Kh2 Kf7 28. Rb7 c5 29. Qe3 Qa6 30. Rc7 Rad8 31. Rxd8 Rxd8 32. Qxc5 Rd7 33. Rxd7 Bxd7 34. e5 Qb5 35. Qc7 a4 36. a3 Qc6 37. Qa7 g5 38. exf6 exf6 39. hxg5 fxg5 40. Qe3 Kg6 41. Qd3+ Bf5 42. Qd8 Qe6 43.
Qh8 h4 44. Be5 Qe7 45. Bd4 Qd6+ 46. Be5 Qe7 47. Bd4 Qd6+ 48. Kg1 Qe7 49. Qg8+ Kh6 50. Qb8 Qe1+ 51. Kh2 Qe7 52. Qh8+ Kg6 53. Qg8+ Kh6 54.
Qd5 Qe6 55. Qd8 Kg6 56. Qh8 Qd6+ 1/2-1/2

[Event "Early-Titled-Tuesday-Blitz-September-12-2023"]
[Site "Chess.com"]
[Date "2023.09.12"]
[Round "5"]
[White "SchmakAttack"]
[Black "tetrix83"]
[Result "1-0"]
[WhiteElo "2783"]
[BlackElo "2540"]
[TimeControl "180+1"]
[EndTime "8:56:16 PDT"]
[Termination "SchmakAttack won on time"]

1. d4 Nf6 2. Bf4 c5 3. e3 d5 4. Nf3 Qb6 5. Nc3 cxd4 6. Nb5 Na6 7. exd4 Bg4 8. c3 Bxf3 9. Qxf3 e6 10. Bd3 Be7 11. g4 O-O 12. a4 Ne8 13. g5 Nb8 14. Qh5 g6 15. Qh6 a6 16. a5 axb5 17. axb6 Rxa1+ 18.
Ke2 Rxh1 19. Bxb8 Ng7 20. Qh3 Rxb8 21. Qg3 Rc8 22. Bxb5 Nf5 23. Qd3 Rxh2 24. Ba4 Bxg5 25. Qb5 Ng3+ 26. Kd3 Ne4 27. Qd7 Ra8 28. Qxb7 Rxa4 29.
Qb8+ Kg7 30. Qxh2 Ra2 31. Kc2 Ra1 32. b7 Rc1+ 33. Kb3 Nd2+ 34. Ka4 Ra1+ 35. Kb5 Rb1 36. b8=Q Rxb2+ 37. Kc6 Rxb8 38. Qxb8 Ne4 39. Qe5+ Bf6 40. Qf4 Nxc3 41. Kd7 Ne2 42. Qc7 Nxd4 43. Ke8 Bg5 44. Qxf7+ Kh6 45. Kd7 Nf5 46. Kxe6 d4 47. Qc7 d3 48. Qh2+ Kg7 49. f4 Bf6 50. Qd2 Nd4+ 51. Kd5 Nf3 52. Qxd3 Nh4 53. Qb5 Nf5 54. Qd7+ Kh6 55. Ke6 Bg7 56. Qd2 Bf6 57. Kxf6 Kh5 58. Qg2 Kh4 59. Qg5+ Kh3 60. Kf7 h6 61. Qxg6 Nd4 62.
Qxh6+ Kg4 63. Qg5+ Kf3 64. f5 Nc6 65. f6 Ke4 66.
Ke8 Ne5 67. f7 1-0

[Event "Early-Titled-Tuesday-Blitz-September-12-2023"]
[Site "Chess.com"]
[Date "2023.09.12"]
[Round "5"]
[White "lachesisQ"]
[Black "Sanan_Sjugirov"]
[Result "1-0"]
[WhiteElo "3080"]
[BlackElo "2914"]
[TimeControl "180+1"]
[EndTime "8:56:17 PDT"]
[Termination "lachesisQ won on time"]

1. d4 Nf6 2. c4 e6 3. Nf3 d5 4.
g3 Bb4+ 5. Bd2 Be7 6. Bg2 O-O 7. O-O c6 8. Qc2 Nbd7 9. Rd1 b6 10. b3 Bb7 11. Nc3 c5 12. cxd5 exd5 13. Bg5 Rc8 14. dxc5 bxc5 15. e3 h6 16. Bxf6 Nxf6 17. Rac1 d4 18.
exd4 Bxf3 19. Bxf3 cxd4 20. Qe2 Ba3 21. Rc2 Re8 22. Ne4 Nxe4 23. Bxe4 Qf6 24. Rxc8 Rxc8 25. Kg2 g6 26. Qd3 Rd8 27. Rd2 Bb4 28. Re2 Kg7 29.
Bf3 Rc8 30. Re4 Rc3 31. Qxd4 Qxd4 32. Rxd4 Bc5 33. Rd2 a5 34. Bd5 Bb4 35. Rd4 Rc2 36. Rf4 f5 37. a4 Kf6 38. h4 Bc5 39. Bc4 g5 40. hxg5+ hxg5 41. Rf3 Rd2 42. Kf1 g4 43. Ke1 Bb4 44. Re3 Rb2+ 45. Kf1 Bc5 46. Re6+ Kg5 47. Be2 Rb1+ 48. Kg2 Rxb3 49. Re5 Bd4 50. Rxa5 Rb2 51.
Kf1 Rb1+ 52. Kg2 Rb2 53. Rd5 Ba7 54. Kf1 Rb1+ 55. Bd1 Rb2 56. Be2 Rb1+ 57. Kg2 Rb2 58. Re5 Kf6 59. Re8 Kf7 60. Ra8 Bd4 61.
Kf1 Rb1+ 62. Kg2 Rb2 63. Rd8 Bc5 64. Rd5 Ba7 65. Rxf5+ Kg6 66. Bd3 Ra2 67. Ra5+ Kf6 68. Ra6+ 1-0

[Event "Early-Titled-Tuesday-Blitz-September-12-2023"]
[Site "Chess.com"]
[Date "2023.09.12"]
[Round "5"]
[White "Payyappat"]
[Black "tdf98pantani"]
[Result "0-1"]
[WhiteElo "2490"]
[BlackElo "2727"]
[TimeControl "180+1"]
[EndTime "8:56:17 PDT"]
[Termination "tdf98pantani won by resignation"]

1. e4 c5 2. Nf3 d6 3. d4 cxd4 4. Nxd4 Nf6 5. Nc3 a6 6. h4 b5 7. Bd3 Bb7 8. a3 Nbd7 9. f4 Nc5 10. Qe2 h5 11. Bd2 e5 12. Nf3 Ng4 13. O-O-O Nxd3+ 14. cxd3 Be7 15. Kb1 Qb6 16. Nd5 Bxd5 17. exd5 Bf6 18. fxe5 dxe5 19. d4 e4 20. Qxe4+ Kf8 21. Ne5 Bxe5 22.
dxe5 Nf2 23. Be3 Nxe4 24. Bxb6 Rh6 25. Rhe1 Ng3 26. Bc5+ Ke8 27. d6 Kd7 28. Bb4 Rc8 29. Rd3 Nf5 30. Rf3 Ke6 31. Ref1 g6 32. Rf4 Rhh8 33. Re1 Rhd8 34. g4 hxg4 35. Rxg4 Rc4 36. Ree4 Rxe4 37. Rxe4 Rh8 38. Be1 Kd5 39. Re2 Re8 40. Ba5 Ke6 41. Be1 Kd7 42. Bc3 Nxh4 43. Rh2 Nf5 44. Rh7 Ke6 45. d7 Rd8 46. Kc2 Rxd7 47.
Kb3 g5 48. Kb4 g4 49. Rh5 g3 50. Rg5 Rd3 51. Ka5 Rxc3 52. bxc3 Kxe5 53. Kxa6 Kf4 54.
Rg8 Nh6 55. Rg7 f5 56. Rd7 Ng4 57. Rd1 Ne3 58. Rb1 g2 59. Kxb5 Nf1 60. Rb4+ Kf3 61. Rc4 g1=Q 62. a4 Nd2 63. a5 Qf1 64. a6 Qxc4+ 65.
Kb6 Nb3 66. a7 Qc5+ 67. Kb7 Na5+ 68. Ka6 Qc6+ 69. Kxa5 Qb7 0-1